Rafales vs Thunder
Created - 8 octobre 2015 at 19:24
Goals
|
| Rafales |
0 |
1 |
0 |
1 |
| Thunder |
0 |
2 |
1 |
3 |
|
Shots
|
| Rafales |
12 |
8 |
11 |
31 |
| Thunder |
11 |
15 |
6 |
32 |
|
1st period
No Goal
Penalties :
Mat Clark (TRO) for Goalie Interference (Minor) at 2:52, Matt Gilroy (Stf) for Interference (Minor) at 5:46, David Clarkson (TRO) for Hooking (Minor) at 13:41
2nd period
1. Thunder , Keith Yandle 1 (Tom Pyatt) at 1:54
2. Rafales , Cody McLeod 2 (Dan Fritsche) at 6:44
3. Thunder , Robin Leblanc 1 (Daultan Leveillé) at 13:32
Penalties :
Matt Generous (TRO) for Holding (Minor) at 6:47
3rd period
4. Thunder , Pierre-Alexandre Parenteau 2 (Tom Pyatt, Matt Generous) at 16:49
Penalties :
David Clarkson (TRO) for Holding (Minor) at 4:15, Mat Clark (TRO) for Interference (Minor) at 13:18
Goalie Stats
Loïc Lacasse (Stf), 29 saves from 32 shots - (0,906), L, 1-2-0, 60:00 minutes
Corey Crawford (TRO), 30 saves from 31 shots - (0,968), W, 2-0-0, 60:00 minutes
Players Stats for Rafales
Player Name G A P +/- PIM S H SB GA TA FO MP PP MP PK MP
------------------------------------------------------------------------------------
Bruno Gervais 0 0 0 -1 0 1 1 3 0 1 0/0 17:31 4:23 0:00
Cody McLeod 1 0 1 0 0 7 3 0 1 1 1/2 17:54 5:11 0:56
Dan Fritsche 0 1 1 0 0 5 0 1 0 0 8/20 17:19 4:32 0:40
Jeff Skinner 0 0 0 0 0 1 2 2 1 1 0/2 20:55 4:32 0:23
Johan Ryno 0 0 0 0 0 2 0 0 0 0 1/1 7:57 0:12 0:00
Jonas Junland 0 0 0 0 0 0 1 4 1 1 0/0 27:14 5:44 1:18
Jonathan Rheault 0 0 0 -2 0 2 1 1 1 1 0/0 12:37 0:00 0:00
Marc-André Gragnani 0 0 0 -1 0 1 1 1 0 0 0/0 15:14 0:00 0:41
Matt Gilroy 0 0 0 -1 2 1 2 0 0 2 0/0 17:05 4:11 0:00
Michael Bournival 0 0 0 -2 0 0 0 0 0 0 0/0 12:59 0:12 0:00
Mike Sislo 0 0 0 0 0 1 4 0 0 0 0/0 7:32 0:00 0:00
Mike Zigomanis 0 0 0 0 0 3 2 1 0 1 7/27 22:13 5:23 1:00
Milan Bartovic 0 0 0 0 0 2 2 1 2 0 1/2 20:08 5:11 0:00
Nathan Davis 0 0 0 -2 0 2 1 0 1 0 1/4 13:17 0:00 0:40
Ryan Bourque 0 0 0 0 0 0 1 0 0 0 0/1 7:51 0:00 0:19
Ryan Ellis 0 0 0 -1 0 2 0 0 1 0 0/0 22:09 5:32 0:41
Tim Crowder 0 0 0 0 0 1 0 0 0 0 0/1 16:39 4:32 0:00
Willie Mitchell 0 0 0 0 0 0 4 2 0 2 0/0 21:26 0:00 1:18
Players Stats for Thunder
Player Name G A P +/- PIM S H SB GA TA FO MP PP MP PK MP
------------------------------------------------------------------------------------
Adam Hall 0 0 0 0 0 3 1 0 1 1 4/6 21:01 1:01 5:09
Alex Killorn 0 0 0 0 0 2 1 0 1 1 15/21 20:57 1:03 5:06
Bobby Farnham 0 0 0 0 0 0 0 0 0 0 0/0 0:39 0:12 0:00
Brandon Mashinter 0 0 0 0 0 2 4 0 0 0 4/5 11:31 0:00 0:00
Brett Festerling 0 0 0 0 0 0 0 0 0 0 0/0 0:41 0:08 0:05
Carl Hagelin 0 0 0 0 0 3 1 0 1 1 0/1 12:05 0:00 0:30
Casey Pierro-Zabotel 0 0 0 1 0 0 1 0 0 0 0/0 7:30 0:00 0:00
Colby Cohen 0 0 0 0 0 0 1 1 0 0 0/0 12:48 0:00 1:10
Dany Roussin 0 0 0 0 0 2 1 0 0 2 1/1 20:25 1:01 3:56
Daultan Leveillé 0 1 1 1 0 2 0 0 0 0 1/1 7:30 0:00 0:00
David Clarkson 0 0 0 0 4 2 1 0 0 1 1/2 11:35 0:00 0:00
David Fischer 0 0 0 1 0 0 0 2 0 0 0/0 20:30 1:10 3:48
Dmitri Orlov 0 0 0 0 0 0 0 0 0 0 0/0 3:48 0:00 0:17
Jannik Hansen 0 0 0 0 0 0 0 0 0 0 0/0 0:34 0:07 0:00
Jesse Blacker 0 0 0 0 0 0 0 0 0 0 0/0 0:00 0:00 0:00
Joey Ryan 0 0 0 1 0 3 3 2 0 0 0/0 20:30 1:10 3:48
Keith Yandle 1 0 1 1 0 2 1 1 3 0 0/0 27:11 0:41 6:02
Kelly Zajac 0 0 0 0 0 0 0 0 0 0 1/1 2:25 0:00 2:01
Mat Clark 0 0 0 0 4 1 1 3 1 0 0/0 13:16 0:20 0:00
Matt Generous 0 1 1 1 2 0 0 5 0 0 0/0 21:53 0:29 4:40
Matt Martin 0 0 0 1 0 0 1 0 0 2 0/1 13:55 0:51 0:00
Pierre-Alexandre Parente 1 0 1 1 0 2 2 0 3 0 4/4 17:15 0:51 2:42
Robin Leblanc 1 0 1 1 0 2 1 0 0 0 0/1 7:30 0:00 0:00
Taylor Doherty 0 0 0 0 0 0 0 0 0 0 0/0 0:00 0:00 0:00
Tom Pyatt 0 2 2 1 0 6 0 0 0 0 10/16 14:31 0:51 0:26
3 Stars
1 - Corey Crawford (TRO)
2 - Pierre-Alexandre Parenteau (TRO)
3 - Keith Yandle (TRO)
Power Play
Rafales - 0 on 5 Attempt(s) - 0,00%
Thunder - 0 on 1 Attempt(s) - 0,00%
Penalty Kill
Rafales - 1 on 1 Attempt(s) - 100,00%
- Score 0 goal in Penalty Kill
Thunder - 5 on 5 Attempt(s) - 100,00%
- Score 0 goal in Penalty Kill
Team Stat
Rafales - Hits : 25 - Faceoff Wins : 19 - Blocked Shots : 16 - Penalty Minutes : 2
Thunder - Hits : 20 - Faceoff Wins : 41 - Blocked Shots : 14 - Penalty Minutes : 10
Official
Referees : StPierre Justin and Rooney Chris
Linesman : Mark Shewchyk and Derek Amell
Game Notes
No Game Note
Finance
Level 1 -- Attendance: 1498 (74,90%) -- Ticket Income 52 430 $
Level 2 -- Attendance: 712 (71,20%) -- Ticket Income 10 680 $
Total Attendance: 2210 (73,67%)
Total Ticket Income: 63 110 $
Other Income: 3 156 $
Total Income: 66 266 $
Rafales
5 vs 5 Forward
Center Left Wing Right Wing Time % Phy DF OF
1 Mike Zigomanis Jeff Skinner Milan Bartovic 40 0 1 4
2 Dan Fritsche Cody McLeod Tim Crowder 30 0 1 4
3 Nathan Davis Michael Bournival Jonathan Rheault 20 0 2 3
4 Ryan Bourque Mike Sislo Johan Ryno 10 0 2 3
5 vs 5 Defense
Defense Defense Time % Phy DF OF
1 Willie Mitchell Jonas Junland 40 0 4 1
2 Marc-André Gragnani Ryan Ellis 30 0 4 1
3 Bruno Gervais Matt Gilroy 20 0 4 1
4 Willie Mitchell Jonas Junland 10 0 4 1
PowerPlay Forward
Center Left Wing Right Wing Time % Phy DF OF
1 Mike Zigomanis Cody McLeod Milan Bartovic 60 0 0 5
2 Dan Fritsche Jeff Skinner Tim Crowder 40 0 0 5
PowerPlay Defense
Defense Defense Time % Phy DF OF
1 Jonas Junland Ryan Ellis 60 0 2 3
2 Matt Gilroy Bruno Gervais 40 0 2 3
Penalty Kill 4 Players Forward
Center Wing Time % Phy DF OF
1 Mike Zigomanis Cody McLeod 60 0 4 1
2 Dan Fritsche Nathan Davis 40 0 4 1
Penalty Kill 4 Players Defense
Defense Defense Time % Phy DF OF
1 Willie Mitchell Jonas Junland 60 0 5 0
2 Marc-André Gragnani Ryan Ellis 40 0 5 0
Penalty Kill - 3 Players Forward
Forward Time % Phy DF OF
1 Mike Zigomanis 60 0 5 0
2 Cody McLeod 40 0 5 0
Penalty Kill - 3 Players Defense
Defense Defense Time % Phy DF OF
1 Willie Mitchell Jonas Junland 60 0 5 0
2 Marc-André Gragnani Ryan Ellis 40 0 5 0
4 vs 4 Forward
Center Wing Time % Phy DF OF
1 Mike Zigomanis Milan Bartovic 60 0 2 3
2 Dan Fritsche Nathan Davis 40 0 2 3
4 vs 4 Defense
Defense Defense Time % Phy DF OF
1 Jonas Junland Ryan Ellis 60 0 3 2
2 Matt Gilroy Bruno Gervais 40 0 3 2
Last Minutes Offensive
Center Left Wing Right Wing Defense Defense
Mike Zigomanis Jeff Skinner Michael Bournival Jonas Junland Ryan Ellis
Last Minutes Defensive
Center Left Wing Right Wing Defense Defense
Mike Zigomanis Cody McLeod Milan Bartovic Willie Mitchell Marc-André Gragnani
Goaltenders
Starting : Loïc Lacasse
Backup : Eddie Lack
Extra Forwards
Normal : Jeff Skinner, Mike Zigomanis, Michael Bournival - PP : Jeff Skinner, Mike Zigomanis - PK : Cody McLeod
Extra Defensemen
Normal : Jonas Junland, Ryan Ellis, Matt Gilroy - PP : Ryan Ellis - PK : Willie Mitchell, Marc-André Gragnani
Penalty Shots
Mike Zigomanis, Milan Bartovic, Dan Fritsche, Nathan Davis, Mike Sislo
Thunder
5 vs 5 Forward
Center Left Wing Right Wing Time % Phy DF OF
1 Alex Killorn Dany Roussin Adam Hall 40 1 2 2
2 Tom Pyatt Matt Martin Pierre-Alexandre Parentea30 1 2 2
3 Brandon Mashinter Carl Hagelin David Clarkson 20 1 2 2
4 Daultan Leveillé Casey Pierro-Zabotel Robin Leblanc 10 1 2 2
5 vs 5 Defense
Defense Defense Time % Phy DF OF
1 Keith Yandle Matt Generous 40 1 2 2
2 David Fischer Joey Ryan 30 1 2 2
3 Mat Clark Colby Cohen 20 1 2 2
4 Dmitri Orlov Keith Yandle 10 1 2 2
PowerPlay Forward
Center Left Wing Right Wing Time % Phy DF OF
1 Alex Killorn Dany Roussin Adam Hall 60 1 2 2
2 Tom Pyatt Matt Martin Pierre-Alexandre Parentea40 1 2 2
PowerPlay Defense
Defense Defense Time % Phy DF OF
1 Keith Yandle Matt Generous 60 1 2 2
2 David Fischer Joey Ryan 40 1 2 2
Penalty Kill 4 Players Forward
Center Wing Time % Phy DF OF
1 Adam Hall Alex Killorn 60 1 2 2
2 Pierre-Alexandre ParenteaDany Roussin 40 1 2 2
Penalty Kill 4 Players Defense
Defense Defense Time % Phy DF OF
1 Keith Yandle Matt Generous 60 1 2 2
2 David Fischer Joey Ryan 40 1 2 2
Penalty Kill - 3 Players Forward
Forward Time % Phy DF OF
1 Adam Hall 60 1 2 2
2 Alex Killorn 40 1 2 2
Penalty Kill - 3 Players Defense
Defense Defense Time % Phy DF OF
1 Keith Yandle Matt Generous 60 1 2 2
2 David Fischer Joey Ryan 40 1 2 2
4 vs 4 Forward
Center Wing Time % Phy DF OF
1 Adam Hall Alex Killorn 60 1 2 2
2 Pierre-Alexandre ParenteaDany Roussin 40 1 2 2
4 vs 4 Defense
Defense Defense Time % Phy DF OF
1 Keith Yandle Matt Generous 60 1 2 2
2 David Fischer Joey Ryan 40 1 2 2
Last Minutes Offensive
Center Left Wing Right Wing Defense Defense
Alex Killorn Dany Roussin Adam Hall Keith Yandle Matt Generous
Last Minutes Defensive
Center Left Wing Right Wing Defense Defense
Alex Killorn Dany Roussin Adam Hall Keith Yandle Matt Generous
Goaltenders
Starting : Corey Crawford
Backup : Barry Brust
Extra Forwards
Normal : Bobby Farnham, Jannik Hansen, Kelly Zajac - PP : Bobby Farnham, Jannik Hansen - PK : Kelly Zajac
Extra Defensemen
Normal : Mat Clark, Colby Cohen, Dmitri Orlov - PP : Mat Clark - PK : Colby Cohen, Dmitri Orlov
Penalty Shots
Adam Hall, Alex Killorn, Pierre-Alexandre Parenteau, Dany Roussin, Matt Martin
% Time on Ice - Rafales
Lines # - Real PCT - Wanted PCT - Time Play
Normal Forward
1 - 33% - 40% - 15:47
2 - 25% - 30% - 12:10
3 - 26% - 20% - 12:37
4 - 16% - 10% - 7:32
Normal Defense
1 - 41% - 40% - 19:32
2 - 30% - 30% - 14:17
3 - 25% - 20% - 12:02
4 - 5% - 10% - 2:15
PP Forward
1 - 54% - 60% - 5:23
2 - 46% - 40% - 4:32
PP Defense
1 - 58% - 60% - 5:44
2 - 42% - 40% - 4:11
PK Forward
1 - 66% - 60% - 1:19
2 - 34% - 40% - 0:40
PK Defense
1 - 66% - 60% - 1:18
2 - 34% - 40% - 0:41
PK3 Forward
1 - 0% - 60%
2 - 0% - 40%
PK3 Defense
1 - 0% - 60%
2 - 0% - 40%
44 Forward
1 - 0% - 60%
2 - 0% - 40%
44 Defense
1 - 0% - 60%
2 - 0% - 40%
Last Minute Offensive - 0:00
Last Minute Defensive - 0:00
Total
Forward - 60:00
Defense - 60:00
|
% Time on Ice - Thunder
Lines # - Real PCT - Wanted PCT - Time Play
Normal Forward
1 - 32% - 40% - 15:23
2 - 28% - 30% - 13:42
3 - 24% - 20% - 11:31
4 - 16% - 10% - 7:30
Normal Defense
1 - 37% - 40% - 17:53
2 - 32% - 30% - 15:32
3 - 24% - 20% - 11:38
4 - 6% - 10% - 3:03
PP Forward
1 - 57% - 60% - 1:08
2 - 43% - 40% - 0:51
PP Defense
1 - 41% - 60% - 0:49
2 - 59% - 40% - 1:10
PK Forward
1 - 73% - 60% - 7:13
2 - 27% - 40% - 2:42
PK Defense
1 - 62% - 60% - 6:07
2 - 38% - 40% - 3:48
PK3 Forward
1 - 0% - 60%
2 - 0% - 40%
PK3 Defense
1 - 0% - 60%
2 - 0% - 40%
44 Forward
1 - 0% - 60%
2 - 0% - 40%
44 Defense
1 - 0% - 60%
2 - 0% - 40%
Last Minute Offensive - 0:00
Last Minute Defensive - 0:00
Total
Forward - 60:00
Defense - 60:00
|
Play by Play
1st period
0:01 of 1st period - Mike Zigomanis wins face-off versus Alex Killorn in neutral zone.
0:14 of 1st period - Snap shot by Alex Killorn.
0:14 of 1st period - Deflect By Adam Hall.
0:14 of 1st period - Shot Blocked by Willie Mitchell.
0:14 of 1st period - Puck is out of play.
0:15 of 1st period - Tom Pyatt wins face-off versus Dan Fritsche in Rafales zone.
0:24 of 1st period - Slapshot by Pierre-Alexandre Parenteau.
0:24 of 1st period - Shot Misses the Net.
0:28 of 1st period - Snap shot by Tom Pyatt.
0:28 of 1st period - Stopped by Loïc Lacasse without a rebound.
0:29 of 1st period - David Clarkson wins face-off versus Nathan Davis in Rafales zone.
0:38 of 1st period - Wrist shot by David Clarkson.
0:38 of 1st period - Shot Misses the Net.
0:40 of 1st period - Wrist shot by David Clarkson.
0:40 of 1st period - Deflect By Carl Hagelin.
0:40 of 1st period - Shot Blocked by Bruno Gervais.
0:40 of 1st period - Puck is out of play.
0:41 of 1st period - Johan Ryno wins face-off versus Robin Leblanc in Rafales zone.
0:46 of 1st period - Robin Leblanc is hit by Jonas Junland.
1:13 of 1st period - Wrist shot by Mike Zigomanis.
1:13 of 1st period - Stopped by Corey Crawford without a rebound.
1:14 of 1st period - Dan Fritsche wins face-off versus Tom Pyatt in Thunder zone.
1:27 of 1st period - Snap shot by Pierre-Alexandre Parenteau.
1:27 of 1st period - Shot Misses the Net.
1:29 of 1st period - Snap shot by Tom Pyatt.
1:29 of 1st period - Stopped by Loïc Lacasse with a rebound.
2:41 of 1st period - Wrist shot by Cody McLeod.
2:41 of 1st period - Stopped by Corey Crawford with a rebound.
2:43 of 1st period - Wrist shot by Dan Fritsche.
2:43 of 1st period - Stopped by Corey Crawford with a rebound.
2:45 of 1st period - Wrist shot by Tim Crowder.
2:45 of 1st period - Stopped by Corey Crawford without a rebound.
2:46 of 1st period - Mike Zigomanis wins face-off versus Alex Killorn in Thunder zone.
2:52 of 1st period - Minor Penalty to Mat Clark for Goalie Interference.
2:53 of 1st period - Adam Hall wins face-off versus Mike Zigomanis in Thunder zone.
4:52 of 1st period - Penalty to Mat Clark is over, Mat Clark is back on ice.
4:59 of 1st period - Matt Generous is hit by Jonathan Rheault and loses puck.
5:19 of 1st period - Icing by Daultan Leveillé.
5:20 of 1st period - Daultan Leveillé wins face-off versus Nathan Davis in Thunder zone.
5:28 of 1st period - Wrist shot by Jonathan Rheault.
5:28 of 1st period - Deflect By Nathan Davis.
5:28 of 1st period - Stopped by Corey Crawford with a rebound.
5:30 of 1st period - Slapshot by Bruno Gervais.
5:30 of 1st period - Stopped by Corey Crawford with a rebound.
5:32 of 1st period - Wrist shot by Michael Bournival.
5:32 of 1st period - Shot Misses the Net.
5:44 of 1st period - Slapshot by Daultan Leveillé.
5:44 of 1st period - Shot Blocked by Bruno Gervais.
5:46 of 1st period - Minor Penalty to Matt Gilroy for Interference.
5:47 of 1st period - Alex Killorn wins face-off versus Mike Zigomanis in Rafales zone.
6:39 of 1st period - Mike Zigomanis is hit by Alex Killorn and loses puck.
7:46 of 1st period - Penalty to Matt Gilroy is over, Matt Gilroy is back on ice.
8:19 of 1st period - Snap shot by Mike Zigomanis.
8:19 of 1st period - Stopped by Corey Crawford with a rebound.
8:21 of 1st period - Snap shot by Jeff Skinner.
8:21 of 1st period - Shot Blocked by Mat Clark.
8:23 of 1st period - Snap shot by Matt Gilroy.
8:23 of 1st period - Shot Blocked by Keith Yandle.
8:25 of 1st period - Slapshot by Jeff Skinner.
8:25 of 1st period - Stopped by Corey Crawford without a rebound.
8:26 of 1st period - Dan Fritsche wins face-off versus David Clarkson in Thunder zone.
9:03 of 1st period - Matt Martin is hit by Bruno Gervais and loses puck.
9:14 of 1st period - Mike Sislo is hit by Dany Roussin and loses puck.
9:21 of 1st period - Slapshot by Jonas Junland.
9:21 of 1st period - Shot Blocked by Joey Ryan.
9:30 of 1st period - Icing by Alex Killorn.
9:31 of 1st period - Alex Killorn wins face-off versus Dan Fritsche in Thunder zone.
10:25 of 1st period - Wrist shot by Mike Zigomanis.
10:25 of 1st period - Stopped by Corey Crawford without a rebound.
10:26 of 1st period - Alex Killorn wins face-off versus Mike Zigomanis in Thunder zone.
11:00 of 1st period - Slapshot by Tom Pyatt.
11:00 of 1st period - Stopped by Loïc Lacasse with a rebound.
11:02 of 1st period - Backhand shot by Tom Pyatt.
11:02 of 1st period - Stopped by Loïc Lacasse with a rebound.
11:04 of 1st period - Slapshot by Keith Yandle.
11:04 of 1st period - Shot Misses the Net.
11:25 of 1st period - Cody McLeod is hit by Joey Ryan and loses puck.
11:32 of 1st period - Brandon Mashinter is hit by Willie Mitchell and loses puck.
11:43 of 1st period - Slapshot by Cody McLeod.
11:43 of 1st period - Stopped by Corey Crawford with a rebound.
11:57 of 1st period - Wrist shot by Cody McLeod.
11:57 of 1st period - Stopped by Corey Crawford without a rebound.
11:58 of 1st period - Alex Killorn wins face-off versus Mike Zigomanis in Thunder zone.
12:05 of 1st period - Snap shot by Adam Hall.
12:05 of 1st period - Deflect By Mike Zigomanis.
12:05 of 1st period - Stopped by Loïc Lacasse with a rebound.
12:07 of 1st period - Snap shot by Dany Roussin.
12:07 of 1st period - Stopped by Loïc Lacasse with a rebound.
12:09 of 1st period - Snap shot by Adam Hall.
12:09 of 1st period - Shot Blocked by Jeff Skinner.
12:11 of 1st period - Slapshot by Keith Yandle.
12:11 of 1st period - Deflect By Alex Killorn.
12:11 of 1st period - Shot Misses the Net.
12:11 of 1st period - Puck is out of play.
12:12 of 1st period - Milan Bartovic wins face-off versus Alex Killorn in Rafales zone.
13:00 of 1st period - Dan Fritsche is hit by Matt Martin and loses puck.
13:11 of 1st period - Snap shot by Pierre-Alexandre Parenteau.
13:11 of 1st period - Shot Misses the Net.
13:13 of 1st period - Wrist shot by Tom Pyatt.
13:13 of 1st period - Deflect By Matt Martin.
13:13 of 1st period - Shot Misses the Net.
13:13 of 1st period - Puck is out of play.
13:14 of 1st period - Brandon Mashinter wins face-off versus Mike Zigomanis in Rafales zone.
13:15 of 1st period - Wrist shot by Carl Hagelin.
13:15 of 1st period - Shot Blocked by Milan Bartovic.
13:17 of 1st period - Slapshot by Carl Hagelin.
13:17 of 1st period - Stopped by Loïc Lacasse with a rebound.
13:19 of 1st period - Slapshot by David Clarkson.
13:19 of 1st period - Shot Misses the Net.
13:21 of 1st period - Slapshot by Matt Generous.
13:21 of 1st period - Deflect By David Clarkson.
13:21 of 1st period - Shot Misses the Net.
13:21 of 1st period - Puck is out of play.
13:22 of 1st period - Brandon Mashinter wins face-off versus Mike Zigomanis in Rafales zone.
13:41 of 1st period - Minor Penalty to David Clarkson for Hooking.
13:42 of 1st period - Adam Hall wins face-off versus Mike Zigomanis in Thunder zone.
13:42 of 1st period - Adam Hall is hit by Milan Bartovic.
13:55 of 1st period - Snap shot by Cody McLeod.
13:55 of 1st period - Shot Blocked by Matt Generous.
15:22 of 1st period - Icing by Tim Crowder.
15:23 of 1st period - Tom Pyatt wins face-off versus Dan Fritsche in Rafales zone.
15:41 of 1st period - Penalty to David Clarkson is over, David Clarkson is back on ice.
15:56 of 1st period - Slapshot by Keith Yandle.
15:56 of 1st period - Shot Blocked by Jonathan Rheault.
16:06 of 1st period - Mat Clark is hit by Ryan Bourque and loses puck.
16:11 of 1st period - Backhand shot by Mike Sislo.
16:11 of 1st period - Shot Misses the Net.
16:16 of 1st period - Off-side.
16:17 of 1st period - Tom Pyatt wins face-off versus Mike Zigomanis in neutral zone.
16:49 of 1st period - Alex Killorn is hit by Cody McLeod and loses puck.
17:04 of 1st period - Wrist shot by David Clarkson.
17:04 of 1st period - Stopped by Loïc Lacasse with a rebound.
17:06 of 1st period - Wrist shot by Carl Hagelin.
17:06 of 1st period - Stopped by Loïc Lacasse without a rebound.
17:07 of 1st period - Mike Zigomanis wins face-off versus Brandon Mashinter in Rafales zone.
17:20 of 1st period - Mike Zigomanis is hit by Brandon Mashinter and loses puck.
17:35 of 1st period - Tim Crowder is hit by Adam Hall and loses puck.
18:04 of 1st period - Snap shot by Tom Pyatt.
18:04 of 1st period - Shot Blocked by Marc-André Gragnani.
18:18 of 1st period - Wrist shot by Johan Ryno.
18:18 of 1st period - Stopped by Corey Crawford with a rebound.
18:46 of 1st period - Snap shot by David Clarkson.
18:46 of 1st period - Shot Blocked by Jeff Skinner.
18:48 of 1st period - Slapshot by Joey Ryan.
18:48 of 1st period - Stopped by Loïc Lacasse without a rebound.
18:49 of 1st period - Alex Killorn wins face-off versus Dan Fritsche in Rafales zone.
18:52 of 1st period - Snap shot by Dany Roussin.
18:52 of 1st period - Deflect By Adam Hall.
18:52 of 1st period - Stopped by Loïc Lacasse with a rebound.
18:54 of 1st period - Snap shot by Alex Killorn.
18:54 of 1st period - Shot Blocked by Jonas Junland.
18:56 of 1st period - Slapshot by Joey Ryan.
18:56 of 1st period - Shot Blocked by Dan Fritsche.
19:16 of 1st period - Wrist shot by Tom Pyatt.
19:16 of 1st period - Shot Blocked by Jonas Junland.
19:59 of 1st period - Mike Sislo is hit by Colby Cohen and loses puck.
Goals for this period are 0 for Rafales vs 0 for Thunder.
Shots for this period are 12 for Rafales vs 11 for Thunder.
2nd period
0:01 of 2nd period - Dany Roussin wins face-off versus Mike Zigomanis in neutral zone.
0:11 of 2nd period - Matt Generous is hit by Jeff Skinner and loses puck.
0:48 of 2nd period - Willie Mitchell is hit by Joey Ryan and loses puck.
1:26 of 2nd period - Dany Roussin is hit by Willie Mitchell and loses puck.
1:42 of 2nd period - Wrist shot by Dany Roussin.
1:42 of 2nd period - Stopped by Loïc Lacasse without a rebound.
1:43 of 2nd period - Tom Pyatt wins face-off versus Dan Fritsche in Rafales zone.
1:52 of 2nd period - Slapshot by Keith Yandle.
1:52 of 2nd period - Stopped by Loïc Lacasse without a rebound.
1:53 of 2nd period - Tom Pyatt wins face-off versus Dan Fritsche in Rafales zone.
1:54 of 2nd period - Slapshot by Keith Yandle.
1:54 of 2nd period - Goal by Keith Yandle - Rafales : 0 - Thunder : 1.
1:55 of 2nd period - Dan Fritsche wins face-off versus Alex Killorn in neutral zone.
2:10 of 2nd period - Snap shot by Cody McLeod.
2:10 of 2nd period - Stopped by Corey Crawford without a rebound.
2:11 of 2nd period - Nathan Davis wins face-off versus Tom Pyatt in Thunder zone.
2:41 of 2nd period - Snap shot by Nathan Davis.
2:41 of 2nd period - Stopped by Corey Crawford without a rebound.
2:42 of 2nd period - Brandon Mashinter wins face-off versus Jeff Skinner in Thunder zone.
2:57 of 2nd period - Jeff Skinner is hit by Brandon Mashinter and loses puck.
3:02 of 2nd period - Snap shot by Carl Hagelin.
3:02 of 2nd period - Shot Hit the Post.
3:31 of 2nd period - Milan Bartovic is hit by David Clarkson and loses puck.
4:19 of 2nd period - Slapshot by Ryan Ellis.
4:19 of 2nd period - Stopped by Corey Crawford without a rebound.
4:20 of 2nd period - Alex Killorn wins face-off versus Dan Fritsche in Thunder zone.
4:57 of 2nd period - Wrist shot by Jonathan Rheault.
4:57 of 2nd period - Stopped by Corey Crawford without a rebound.
4:58 of 2nd period - Alex Killorn wins face-off versus Ryan Bourque in Thunder zone.
5:54 of 2nd period - Snap shot by Bruno Gervais.
5:54 of 2nd period - Shot Blocked by David Fischer.
6:08 of 2nd period - Snap shot by Alex Killorn.
6:08 of 2nd period - Stopped by Loïc Lacasse with a rebound.
6:42 of 2nd period - Snap shot by Johan Ryno.
6:42 of 2nd period - Stopped by Corey Crawford without a rebound.
6:43 of 2nd period - Dan Fritsche wins face-off versus Matt Martin in Thunder zone.
6:44 of 2nd period - Snap shot by Cody McLeod.
6:44 of 2nd period - Goal by Cody McLeod - Rafales : 1 - Thunder : 1.
6:45 of 2nd period - Tom Pyatt wins face-off versus Dan Fritsche in neutral zone.
6:47 of 2nd period - Minor Penalty to Matt Generous for Holding.
6:48 of 2nd period - Adam Hall wins face-off versus Mike Zigomanis in Thunder zone.
7:04 of 2nd period - Slapshot by Ryan Ellis.
7:04 of 2nd period - Shot Blocked by Colby Cohen.
7:06 of 2nd period - Snap shot by Dan Fritsche.
7:06 of 2nd period - Stopped by Corey Crawford without a rebound.
7:07 of 2nd period - Kelly Zajac wins face-off versus Dan Fritsche in Thunder zone.
8:47 of 2nd period - Penalty to Matt Generous is over, Matt Generous is back on ice.
9:20 of 2nd period - Matt Gilroy is hit by Casey Pierro-Zabotel and loses puck.
9:35 of 2nd period - Carl Hagelin is hit by Nathan Davis and loses puck.
9:42 of 2nd period - Snap shot by Brandon Mashinter.
9:42 of 2nd period - Shot Blocked by Bruno Gervais.
9:56 of 2nd period - Matt Martin is hit by Cody McLeod and loses puck.
10:09 of 2nd period - Ryan Bourque is hit by Joey Ryan and loses puck.
10:57 of 2nd period - Snap shot by Brandon Mashinter.
10:57 of 2nd period - Stopped by Loïc Lacasse with a rebound.
10:59 of 2nd period - Wrist shot by Mat Clark.
10:59 of 2nd period - Deflect By Tim Crowder.
10:59 of 2nd period - Stopped by Loïc Lacasse with a rebound.
11:01 of 2nd period - Slapshot by Colby Cohen.
11:01 of 2nd period - Shot Misses the Net.
11:33 of 2nd period - Jeff Skinner is hit by Mat Clark and loses puck.
11:54 of 2nd period - Wrist shot by Mike Sislo.
11:54 of 2nd period - Stopped by Corey Crawford without a rebound.
11:55 of 2nd period - Dan Fritsche wins face-off versus Alex Killorn in Thunder zone.
12:06 of 2nd period - Snap shot by Cody McLeod.
12:06 of 2nd period - Shot Misses the Net.
12:29 of 2nd period - Matt Generous is hit by Mike Zigomanis and loses puck.
12:49 of 2nd period - David Fischer is hit by Mike Sislo and loses puck.
13:08 of 2nd period - Snap shot by Daultan Leveillé.
13:08 of 2nd period - Stopped by Loïc Lacasse with a rebound.
13:10 of 2nd period - Snap shot by Robin Leblanc.
13:10 of 2nd period - Shot Misses the Net.
13:12 of 2nd period - Snap shot by Robin Leblanc.
13:12 of 2nd period - Stopped by Loïc Lacasse with a rebound.
13:30 of 2nd period - Slapshot by Daultan Leveillé.
13:30 of 2nd period - Shot Misses the Net.
13:32 of 2nd period - Snap shot by Robin Leblanc.
13:32 of 2nd period - Goal by Robin Leblanc - Rafales : 1 - Thunder : 2.
13:33 of 2nd period - Alex Killorn wins face-off versus Mike Zigomanis in neutral zone.
13:38 of 2nd period - Wrist shot by Adam Hall.
13:38 of 2nd period - Shot Misses the Net.
13:40 of 2nd period - Wrist shot by Adam Hall.
13:40 of 2nd period - Deflect By Dany Roussin.
13:40 of 2nd period - Shot Blocked by Jonas Junland.
13:40 of 2nd period - Puck is out of play.
13:41 of 2nd period - Alex Killorn wins face-off versus Mike Zigomanis in Rafales zone.
13:44 of 2nd period - Wrist shot by Adam Hall.
13:44 of 2nd period - Shot Blocked by Willie Mitchell.
13:56 of 2nd period - Snap shot by Alex Killorn.
13:56 of 2nd period - Stopped by Loïc Lacasse with a rebound.
14:29 of 2nd period - Snap shot by David Clarkson.
14:29 of 2nd period - Stopped by Loïc Lacasse with a rebound.
14:31 of 2nd period - Snap shot by David Clarkson.
14:31 of 2nd period - Shot Misses the Net.
14:33 of 2nd period - Slapshot by David Clarkson.
14:33 of 2nd period - Deflect By Carl Hagelin.
14:33 of 2nd period - Shot Misses the Net.
14:33 of 2nd period - Puck is out of play.
14:34 of 2nd period - Alex Killorn wins face-off versus Mike Zigomanis in Rafales zone.
16:03 of 2nd period - Tim Crowder is hit by Robin Leblanc.
16:07 of 2nd period - Slapshot by Joey Ryan.
16:07 of 2nd period - Stopped by Loïc Lacasse with a rebound.
16:24 of 2nd period - Matt Gilroy is hit by Pierre-Alexandre Parenteau and loses puck.
17:06 of 2nd period - Adam Hall is hit by Jeff Skinner and loses puck.
17:17 of 2nd period - Slapshot by Mat Clark.
17:17 of 2nd period - Shot Misses the Net.
17:39 of 2nd period - Slapshot by Ryan Ellis.
17:39 of 2nd period - Shot Blocked by Matt Generous.
17:59 of 2nd period - Snap shot by Adam Hall.
17:59 of 2nd period - Stopped by Loïc Lacasse with a rebound.
18:45 of 2nd period - Slapshot by Cody McLeod.
18:45 of 2nd period - Shot Blocked by Matt Generous.
18:47 of 2nd period - Slapshot by Willie Mitchell.
18:47 of 2nd period - Shot Misses the Net.
19:39 of 2nd period - Mike Sislo is hit by Brandon Mashinter and loses puck.
19:48 of 2nd period - Snap shot by Carl Hagelin.
19:48 of 2nd period - Stopped by Loïc Lacasse with a rebound.
19:50 of 2nd period - Snap shot by Brandon Mashinter.
19:50 of 2nd period - Stopped by Loïc Lacasse without a rebound.
19:51 of 2nd period - Dan Fritsche wins face-off versus Tom Pyatt in Rafales zone.
19:56 of 2nd period - Matt Martin is hit by Cody McLeod and loses puck.
Goals for this period are 1 for Rafales vs 2 for Thunder.
Shots for this period are 8 for Rafales vs 15 for Thunder.
3rd period
0:01 of 3rd period - Alex Killorn wins face-off versus Mike Zigomanis in neutral zone.
0:23 of 3rd period - Icing by Mike Zigomanis.
0:24 of 3rd period - Tom Pyatt wins face-off versus Dan Fritsche in Rafales zone.
0:57 of 3rd period - Snap shot by Mike Zigomanis.
0:57 of 3rd period - Shot Blocked by Joey Ryan.
0:59 of 3rd period - Wrist shot by Milan Bartovic.
0:59 of 3rd period - Shot Blocked by David Fischer.
1:19 of 3rd period - Wrist shot by David Clarkson.
1:19 of 3rd period - Shot Misses the Net.
1:31 of 3rd period - Robin Leblanc is hit by Mike Sislo.
2:11 of 3rd period - Keith Yandle is hit by Milan Bartovic and loses puck.
2:34 of 3rd period - Snap shot by Tom Pyatt.
2:34 of 3rd period - Deflect By Matt Martin.
2:34 of 3rd period - Shot Misses the Net.
2:34 of 3rd period - Puck is out of play.
2:35 of 3rd period - Mike Zigomanis wins face-off versus Alex Killorn in Rafales zone.
2:55 of 3rd period - Adam Hall is hit by Willie Mitchell and loses puck.
3:14 of 3rd period - Snap shot by Cody McLeod.
3:14 of 3rd period - Shot Misses the Net.
3:16 of 3rd period - Slapshot by Bruno Gervais.
3:16 of 3rd period - Deflect By Cody McLeod.
3:16 of 3rd period - Shot Misses the Net.
3:16 of 3rd period - Puck is out of play.
3:17 of 3rd period - Dan Fritsche wins face-off versus Tom Pyatt in Thunder zone.
3:27 of 3rd period - Off-side.
3:28 of 3rd period - Alex Killorn wins face-off versus Mike Zigomanis in neutral zone.
3:41 of 3rd period - Snap shot by Alex Killorn.
3:41 of 3rd period - Shot Blocked by Mike Zigomanis.
3:53 of 3rd period - Tim Crowder is hit by Pierre-Alexandre Parenteau and loses puck.
4:15 of 3rd period - Minor Penalty to David Clarkson for Holding.
4:16 of 3rd period - Cody McLeod wins face-off versus Adam Hall in Thunder zone.
4:16 of 3rd period - Wrist shot by Mike Zigomanis.
4:16 of 3rd period - Shot Blocked by Matt Generous.
4:18 of 3rd period - Slapshot by Bruno Gervais.
4:18 of 3rd period - Deflect By Cody McLeod.
4:18 of 3rd period - Stopped by Corey Crawford with a rebound.
4:20 of 3rd period - Slapshot by Cody McLeod.
4:20 of 3rd period - Stopped by Corey Crawford without a rebound.
4:21 of 3rd period - Adam Hall wins face-off versus Mike Zigomanis in Thunder zone.
4:54 of 3rd period - Snap shot by Dan Fritsche.
4:54 of 3rd period - Stopped by Corey Crawford with a rebound.
4:56 of 3rd period - Wrist shot by Dan Fritsche.
4:56 of 3rd period - Shot Misses the Net.
5:34 of 3rd period - Alex Killorn is hit by Mike Zigomanis and loses puck.
6:15 of 3rd period - Penalty to David Clarkson is over, David Clarkson is back on ice.
6:42 of 3rd period - Ryan Ellis is hit by Brandon Mashinter and loses puck.
7:02 of 3rd period - Pierre-Alexandre Parenteau is hit by Mike Sislo.
7:06 of 3rd period - Matt Martin is hit by Matt Gilroy and loses puck.
7:14 of 3rd period - Icing by Matt Martin.
7:15 of 3rd period - Dan Fritsche wins face-off versus Tom Pyatt in Thunder zone.
8:26 of 3rd period - Backhand shot by Daultan Leveillé.
8:26 of 3rd period - Stopped by Loïc Lacasse without a rebound.
8:27 of 3rd period - Alex Killorn wins face-off versus Mike Zigomanis in Rafales zone.
8:28 of 3rd period - Wrist shot by Adam Hall.
8:28 of 3rd period - Shot Blocked by Jonas Junland.
8:38 of 3rd period - Snap shot by Milan Bartovic.
8:38 of 3rd period - Shot Misses the Net.
8:40 of 3rd period - Snap shot by Jeff Skinner.
8:40 of 3rd period - Shot Misses the Net.
8:42 of 3rd period - Snap shot by Mike Zigomanis.
8:42 of 3rd period - Shot Misses the Net.
8:52 of 3rd period - Adam Hall is hit by Mike Sislo and loses puck.
8:59 of 3rd period - Snap shot by Johan Ryno.
8:59 of 3rd period - Shot Hit the Post.
9:01 of 3rd period - Slapshot by Matt Gilroy.
9:01 of 3rd period - Stopped by Corey Crawford without a rebound.
9:02 of 3rd period - Tom Pyatt wins face-off versus Mike Zigomanis in Thunder zone.
9:13 of 3rd period - Slapshot by Tom Pyatt.
9:13 of 3rd period - Stopped by Loïc Lacasse without a rebound.
9:14 of 3rd period - Mike Zigomanis wins face-off versus Tom Pyatt in Rafales zone.
9:40 of 3rd period - Dany Roussin is hit by Willie Mitchell and loses puck.
10:15 of 3rd period - Slapshot by Willie Mitchell.
10:15 of 3rd period - Shot Blocked by Mat Clark.
10:17 of 3rd period - Wrist shot by Tim Crowder.
10:17 of 3rd period - Shot Misses the Net.
10:19 of 3rd period - Slapshot by Jonas Junland.
10:19 of 3rd period - Shot Blocked by Mat Clark.
10:21 of 3rd period - Slapshot by Jonas Junland.
10:21 of 3rd period - Deflect By Dan Fritsche.
10:21 of 3rd period - Shot Misses the Net.
10:21 of 3rd period - Puck is out of play.
10:22 of 3rd period - Mike Zigomanis wins face-off versus Carl Hagelin in Thunder zone.
10:23 of 3rd period - Slapshot by Ryan Ellis.
10:23 of 3rd period - Deflect By Milan Bartovic.
10:23 of 3rd period - Stopped by Corey Crawford with a rebound.
10:25 of 3rd period - Wrist shot by Mike Zigomanis.
10:25 of 3rd period - Deflect By Milan Bartovic.
10:25 of 3rd period - Deflect By Keith Yandle.
10:25 of 3rd period - Shot Blocked by Matt Generous.
10:25 of 3rd period - Puck is out of play.
10:26 of 3rd period - Alex Killorn wins face-off versus Jeff Skinner in Thunder zone.
10:26 of 3rd period - Alex Killorn is hit by Marc-André Gragnani.
10:42 of 3rd period - Mike Zigomanis is hit by Keith Yandle.
11:16 of 3rd period - Snap shot by Dan Fritsche.
11:16 of 3rd period - Stopped by Corey Crawford with a rebound.
11:18 of 3rd period - Wrist shot by Marc-André Gragnani.
11:18 of 3rd period - Deflect By Brandon Mashinter.
11:18 of 3rd period - Stopped by Corey Crawford with a rebound.
11:20 of 3rd period - Slapshot by Ryan Ellis.
11:20 of 3rd period - Stopped by Corey Crawford with a rebound.
12:20 of 3rd period - Wrist shot by Milan Bartovic.
12:20 of 3rd period - Stopped by Corey Crawford without a rebound.
12:21 of 3rd period - Tom Pyatt wins face-off versus Nathan Davis in Thunder zone.
12:48 of 3rd period - Matt Martin is hit by Matt Gilroy and loses puck.
13:18 of 3rd period - Minor Penalty to Mat Clark for Interference.
13:19 of 3rd period - Mike Zigomanis wins face-off versus Adam Hall in Thunder zone.
13:53 of 3rd period - Off-side.
13:54 of 3rd period - Pierre-Alexandre Parenteau wins face-off versus Cody McLeod in neutral zone.
13:58 of 3rd period - Off-side.
13:59 of 3rd period - Pierre-Alexandre Parenteau wins face-off versus Milan Bartovic in neutral zone.
15:12 of 3rd period - Off-side.
15:13 of 3rd period - Pierre-Alexandre Parenteau wins face-off versus Dan Fritsche in neutral zone.
15:16 of 3rd period - Slapshot by Joey Ryan.
15:16 of 3rd period - Stopped by Loïc Lacasse without a rebound.
15:17 of 3rd period - Pierre-Alexandre Parenteau wins face-off versus Tim Crowder in Rafales zone.
15:18 of 3rd period - Penalty to Mat Clark is over, Mat Clark is back on ice.
15:20 of 3rd period - Snap shot by Dany Roussin.
15:20 of 3rd period - Deflect By Pierre-Alexandre Parenteau.
15:20 of 3rd period - Stopped by Loïc Lacasse with a rebound.
15:51 of 3rd period - Snap shot by Jonathan Rheault.
15:51 of 3rd period - Stopped by Corey Crawford with a rebound.
16:47 of 3rd period - Snap shot by Pierre-Alexandre Parenteau.
16:47 of 3rd period - Shot Misses the Net.
16:49 of 3rd period - Snap shot by Pierre-Alexandre Parenteau.
16:49 of 3rd period - Goal by Pierre-Alexandre Parenteau - Rafales : 1 - Thunder : 3.
16:50 of 3rd period - Alex Killorn wins face-off versus Mike Zigomanis in neutral zone.
17:39 of 3rd period - Wrist shot by Tom Pyatt.
17:39 of 3rd period - Stopped by Loïc Lacasse without a rebound.
17:40 of 3rd period - Tom Pyatt wins face-off versus Dan Fritsche in Rafales zone.
17:55 of 3rd period - Snap shot by Dan Fritsche.
17:55 of 3rd period - Stopped by Corey Crawford without a rebound.
17:56 of 3rd period - Brandon Mashinter wins face-off versus Mike Zigomanis in Thunder zone.
18:01 of 3rd period - Milan Bartovic is hit by Carl Hagelin and loses puck.
18:10 of 3rd period - Snap shot by Carl Hagelin.
18:10 of 3rd period - Shot Misses the Net.
18:12 of 3rd period - Wrist shot by Brandon Mashinter.
18:12 of 3rd period - Shot Misses the Net.
Goals for this period are 0 for Rafales vs 1 for Thunder.
Shots for this period are 11 for Rafales vs 6 for Thunder.
Output by the SimonT Hockey Simulator (STHS) for François Prévost -- Original Page W3C XHTML 1.0 Valid